 Dungeon Crawl Stone Soup version 0.28-a0-793-g31680bbd8b (webtiles) character file.

Game seed: 10482523145781725493

5009 vurker the Thaumaturge (level 10, -12/76 HPs)
             Began as a Djinni Fire Elementalist on Nov 3, 2021.
             Was a Follower of Makhleb.
             Mangled by an orc warrior (18 damage)
             ... on level 8 of the Dungeon.
             The game lasted 00:15:45 (10856 turns).

vurker the Thaumaturge (Djinni Fire Elementalist)  Turns: 10856, Time: 00:15:45

Health: -12/76     AC:  5    Str:  7    XL:     10   Next: 84%
Gold:   154        EV: 12    Int: 19    God:    Makhleb [*.....] SH:  5 Dex: 15

rFire   + + .      SeeInvis .   o - +0 dagger
rCold   x . .      Faith    .   v - +0 buckler
rNeg    + . .      Spirit   .   a - +0 steam dragon scales
rPois   ∞          Reflect  .   (no helmet)
rElec   .          Harm     .   (no cloak)
rCorr   .          Rampage  .   (no gloves)
Will    +....                   (boots unavailable)
Stlth   ++........              (no amulet)
HPRegen 0.22/turn               (no ring)
MPRegen 0.00/turn               i - ring of positive energy

@: flying
A: sickness immunity, fire resistance 2, cold vulnerability 1, float, innate
caster, hp casting, extra vitality 1
a: Renounce Religion


You were on level 8 of the Dungeon.
You worshipped Makhleb.
Makhleb was aware of your devotion.
You visited 2 branches of the dungeon, and saw 9 of its levels.

You collected 326 gold pieces.
You spent 172 gold pieces at shops.

Inventory:

Hand Weapons
 o - a +0 dagger (weapon)
   (You took it off Jessica on level 2 of the Dungeon)
Missiles
 k - 3 throwing nets
Armour
 a - +0 steam dragon scales (worn)
   (You found it on level 6 of the Dungeon)
 q - a +3 leather armour
   (You found it on level 3 of the Dungeon)
 v - a +0 buckler (worn)
   (You found it on level 4 of the Dungeon)
Magical Staves
 s - a staff of earth
   (You found it on level 3 of the Dungeon)
Jewellery
 e - a ring of fire
   (You found it on level 1 of the Dungeon)
 i - a ring of positive energy (right hand)
   (You found it on level 1 of the Dungeon)
Wands
 t - a wand of flame (24)
   (You found it on level 5 of the Dungeon)
Scrolls
 b - 2 scrolls of vulnerability {unknown}
 d - a scroll of summoning {unknown}
 f - a scroll of enchant armour {unknown}
 g - 2 scrolls of fear {unknown}
 n - 4 scrolls of teleportation {unknown}
 p - a scroll of silence {unknown}
 x - 2 scrolls of amnesia {unknown}
 y - a scroll of fog
 z - a scroll of immolation
Potions
 c - a potion of attraction
 h - a potion of curing
 j - 2 potions of heal wounds
 l - 2 potions of invisibility
 m - 2 potions of mutation
 r - a potion of resistance {unknown}
 u - a potion of cancellation {unknown}


   Skills:
 + Level 7.9 Fighting
 - Level 2.1 Dodging
 - Level 1.5 Stealth
 - Level 4.0 Shields
 * Level 9.2 Spellcasting
 + Level 4.4 Invocations


You had 5 spell levels left.
You knew the following spells:

 Your Spells              Type           Power      Damage    Failure   Level
a - Foxfire               Conj/Fire      100%       2x1d9     1%          1
b - Scorch                Fire           86%        2d9       1%          2
c - Flame Wave            Conj/Fire      43%        3d9       1%          4
d - Tukima's Dance        Hex            43%        N/A       1%          3
e - Spider Form           Tmut/Pois      43%        N/A       1%          3
i - Inner Flame           Hex/Fire       43%        N/A       1%          3
o - Conjure Flame         Conj/Fire      43%        6-21      1%          3
p - Freeze                Ice            100%       1d11      1%          1
w - Blink                 Tloc           86%        N/A       1%          2
Your spell library was empty.

Dungeon Overview and Level Annotations

Branches:
Dungeon (8/15)             Temple (1/1) D:6
   Lair: D:8-11

Altars:
Ashenzari
Cheibriados
Dithmenos
Elyvilon
Fedhas
Hepliaklqana
Kikubaaqudgha
Makhleb
Nemelex Xobeh
Okawaru
Qazlal
Ru
Sif Muna
Uskayaw
Vehumet
Wu Jian
Xom
Yredelemnul
Zin
The Shining One

Shops:
D:2 *   D:5 ?


Innate Abilities, Weirdness & Mutations

You are immune to sickness and miasma.
You are immune to poison.
Your flesh is very heat resistant. (rF++)
You are vulnerable to cold. (rC-)
You float through the air rather than walking.
You learn spells naturally, not from books.
Your magical power is your life essence.
You have superior vitality. (+4 HP)


Message History

The two-headed ogre is no longer more vulnerable to fire.
You block the two-headed ogre's attack.
The two-headed ogre hits you with a +0 giant club!
Unknown command.
Flames lash the two-headed ogre.
You kill the two-headed ogre!
Makhleb accepts your kill.
You can't see any susceptible monsters within range! (Use Z to cast anyway.)
You conjure some foxfire!
You conjure some foxfire!
You conjure some foxfire!
Things that are here:
a +0 giant club; a +0 giant club
There is a stone staircase leading down here.
You fly downwards.
The orc closely misses you.
The orc wizard points at you and mumbles some strange words.
The magic dart hits you! The orc warrior completely misses you.
There is a stone staircase leading up here.
A wave of flame ripples out!
The flame wave engulfs the orc warrior.
The flame wave engulfs the orc!
You kill the orc!
Makhleb accepts your kill. (Press . to intensify the flame waves.)
You hear a croak.
The orc warrior hits you with a +0 flail!!
A wave of flame ripples out!
The flame wave engulfs the orc warrior.
The flame wave engulfs the wight!
You hear a croak.
You hear an angry hiss.
The wight hits you from afar with a +0 spear.
* * * LOW HITPOINT WARNING * * *
The orc warrior hits you with a +0 flail!
* * * LOW HITPOINT WARNING * * *
A wave of flame ripples out!
The flame wave engulfs the orc warrior.
The flame wave engulfs the wight!
You destroy the wight!
Makhleb accepts your kill.
You feel better.
* * * LOW HITPOINT WARNING * * *
You finish channelling waves of flame.
You hear an angry hiss.
You hear a shout! x2
The orc warrior hits you with a +0 flail!
* * * LOW HITPOINT WARNING * * *
You hear a shout!
You hear an angry buzzing noise.
Okay, then.
Okay, then.
The orc wizard points at you and mumbles some strange words.
The magic dart hits you.
* * * LOW HITPOINT WARNING * * *
The orc warrior hits you with a +0 flail!!
You die...

...♣ #Z#.#
#..... .# #Z#
#.....###.#
#T#
#.......#.#
#.#
#.........#
#.#
#.........#
#.#
#......)..#
#.#
#.....)..# #
#.....@o# #
#.......# #
#........# #
#.......)o. .
#..#........
♣
#..###.#....#
#. #.#......
. ######.##


You could see an orc warrior and an orc wizard.

Vanquished Creatures
  A two-headed ogre (D:7)
  Maggie (D:6)
  A troll (D:8)
  A hornet (D:8)
  A yak (D:7)
  Eustachio (D:6)
  3 steam dragons
  Menkaure (D:7)
  4 orc warriors
  A sky beast (D:6)
  An ice beast (D:4)
  5 ogres
  A centaur (D:7)
  3 wyvern zombies
  2 bullfrogs
  3 scorpions
  A gnoll sergeant (D:8)
  5 wights (D:8)
  3 jellies (D:7)
  A centaur zombie (D:7)
  3 orc priests
  A bullfrog skeleton (D:5)
  2 gnoll shamans
  4 hounds
  2 centaur skeletons
  Jessica (D:2)
  Natasha (thrice) (D:3)
  2 iguanas
  7 orc wizards
  3 hound skeletons
  18 gnolls
  5 adders
  A shadow imp (D:7)
  A white imp (D:7)
  An ufetubus (D:7)
  3 adder skeletons
  3 worms
  3 dart slugs
  23 orcs
  5 endoplasms
  3 giant cockroaches
  7 goblins
  6 hobgoblins
  12 jackals
  9 kobolds
  5 quokkas
  4 ball pythons
  3 bats
  4 frilled lizards
  2 rats (D:3)
186 creatures vanquished.

Vanquished Creatures (others)
  814 foxfires
  8 plants (D:8)
822 creatures vanquished.

Grand Total: 1008 creatures vanquished

Notes
Turn   | Place    | Note
-------+----------+-------------------------------------------
     0 | D:1      | vurker the Djinni Fire Elementalist began the quest for the
                  | Orb.
     0 | D:1      | Reached XP level 1. HP: 15/15 MP: 0/0
   411 | D:1      | Reached XP level 2. HP: 17/22 MP: 0/0
   849 | D:1      | Reached skill level 1 in Fighting
  1162 | D:1      | Reached XP level 3. HP: 25/27 MP: 0/0
  1162 | D:1      | Learned a level 1 spell: Freeze
  1164 | D:1      | Reached skill level 3 in Spellcasting
  2120 | D:2      | Noticed Jessica
  2128 | D:2      | Killed Jessica
  2129 | D:2      | Reached XP level 4. HP: 27/33 MP: 0/0
  2461 | D:2      | Found Atiamaas's General Store.
  2467 | D:2      | Bought a scroll of blinking for 82 gold pieces
  2593 | D:2      | Reached XP level 5. HP: 4/38 MP: 0/0
  2593 | D:2      | Learned a level 2 spell: Blink
  2881 | D:2      | Found a faded altar of an unknown god.
  3131 | D:3      | Reached skill level 4 in Spellcasting
  3436 | D:3      | Reached XP level 6. HP: 35/45 MP: 0/0
  3458 | D:3      | Noticed an ogre
  3465 | D:3      | Killed an ogre
  3834 | D:3      | Noticed Natasha
  3840 | D:3      | Killed Natasha
  4083 | D:3      | Noticed Natasha
  4088 | D:3      | Killed Natasha
  4089 | D:3      | Noticed Natasha
  4089 | D:3      | Killed Natasha
  4090 | D:3      | Reached XP level 7. HP: 45/50 MP: 0/0
  4090 | D:3      | Learned a level 3 spell: Tukima's Dance
  4549 | D:4      | Reached skill level 5 in Spellcasting
  4644 | D:4      | Found a snail-covered altar of Cheibriados.
  4685 | D:4      | Reached XP level 8. HP: 21/58 MP: 0/0
  5209 | D:4      | You are sucked into a shaft and drop 1 floor!
  5209 | D:5      | Entered Level 5 of the Dungeon
  5378 | D:5      | Reached skill level 6 in Spellcasting
  5381 | D:5      | Reached skill level 1 in Shields
  5641 | D:4      | Reached skill level 5 in Fighting
  6014 | D:5      | Noticed a gargoyle
  6372 | D:5      | Found Omneto's Magic Scroll Emporium.
  6377 | D:5      | Bought a scroll of fog for 24 gold pieces
  6377 | D:5      | Bought a scroll of immolation for 42 gold pieces
  6377 | D:5      | Bought a scroll of identify for 24 gold pieces
  6872 | D:6      | Reached XP level 9. HP: 59/65 MP: 0/0
  6872 | D:6      | Learned a level 3 spell: Spider Form
  6930 | D:6      | Noticed Maggie
  6941 | D:6      | Killed Maggie
  6942 | D:6      | Reached skill level 7 in Spellcasting
  7312 | D:6      | Noticed Eustachio
  7328 | D:6      | Killed Eustachio
  7530 | D:6      | Found a staircase to the Ecumenical Temple.
  7561 | Temple   | Entered the Ecumenical Temple
  7705 | Temple   | Became a worshipper of Makhleb the Destroyer
  8030 | D:7      | Reached skill level 1 in Invocations
  8274 | D:7      | Noticed Menkaure
  8279 | D:7      | Killed Menkaure
  8280 | D:7      | Reached skill level 8 in Spellcasting
  8281 | D:7      | Reached XP level 10. HP: 34/73 MP: 0/0
  8629 | D:7      | Found a sparkling altar of Nemelex Xobeh.
  8672 | D:7      | Found an ornate altar of the Wu Jian Council.
  8878 | D:7      | Found a glowing silver altar of Zin.
  9281 | D:8      | Reached * piety under Makhleb
 10516 | D:7      | Reached skill level 9 in Spellcasting
 10687 | D:8      | Noticed a two-headed ogre
 10697 | D:7      | Killed a two-headed ogre
 10856 | D:8      | Mangled by an orc warrior

Illustrated notes

Levels and vault maps discovered:
D:1:      dpeg_arrival_brainrot, layout_loops_ring, feat_on_display
D:2:      layout_basic, ebering_ecumenical_altar_abandoned, serial_shops,
          nicolae_square_shop, uniq_jessica
D:3:      layout_basic, uniq_natasha
D:4:      layout_gridville, mainiacjoe_overflow_alcove_1
D:5:      layout_basic, nicolae_overflow_hidden_temple, serial_shops,
          kennysheep_little_box, lightli_corner_chamber
D:6:      layout_cave_pools, minmay_temple_entry_tees, uniq_eustachio,
          uniq_maggie
D:7:      layout_cave_pools, mainiacjoe_overflow_chevrons,
          nemelex_spade_bored_becter, mainiacjoe_overflow_24_doors,
          uniq_menkaure
D:8:      nzn_winding_woodlands_stair_cross [nzn_winding_woodlands_5x15_parted,
          nzn_winding_woodlands_center_pierced_h,
          nzn_winding_woodlands_5x15_longhouse, nzn_winding_woodlands_hourglass,
          nzn_winding_woodlands_5x5_closed_star,
          nzn_winding_woodlands_5x15_concentric,
          nzn_winding_woodlands_center_garden,
          nzn_winding_woodlands_5x15_sidewinder], layout_cave_pools,
          trog_wizard, minmay_shop_grid_forest, grunt_ministairs_1,
          hangedman_minor_gate_pass
Temple:   eino_temple_scatter_basement

Skill      XL: |  1  2  3  4  5  6  7  8  9 10 |
---------------+-------------------------------+-----
Fighting       | 1 2 3 4 5 6 7 |  7.9
Spellcasting   | 3 4 5 6 8 9 |  9.2
Shields        | 2 4 |  4.0
Invocations    | 1 4 |  4.4
Dodging        | |  2.1
Stealth        | |  1.5

Action                   |  1- 3 |  4- 6 |  7- 9 | 10-12 || total
-------------------------+-------+-------+-------+-------++-------
Melee: Unarmed           |     3 |       |       |       ||     3
       Dagger            |       |     1 |       |       ||     1
 Cast: Foxfire           |    62 |    91 |   266 |    62 ||   481
       Scorch            |     9 |    15 |    35 |    32 ||    91
       Flame Wave        |       |       |     6 |     7 ||    13
  Use: Scroll            |       |       |     7 |     3 ||    10
       Potion            |       |       |     1 |     2 ||     3
Armor: Robe              |     3 |     3 |       |       ||     6
       Leather armour    |       |     1 |     6 |       ||     7
       Steam dragon scal |       |       |     5 |     6 ||    11
Dodge: Dodged            |    12 |    11 |    30 |    34 ||    87
Block: Buckler           |       |       |     6 |    12 ||    18

Table legend: (Time is in decaauts)
 A = Elapsed time spent in this place.
 B = Non-inter-level travel time spent in this place.
 C = Inter-level travel time spent in this place.
 D = Time resting spent in this place.
 E = Time spent auto-exploring this place.
 F = Levels seen in this place.
 G = Mean time per level.
                   A        B        C        D        E       F      G
               +--------+--------+--------+--------+--------+-----+--------+
         Total |  10841 |  10646 |    195 |    888 |   8532 |   9 | 1204.6 |
       Dungeon |  10683 |  10500 |    183 |    888 |   8405 |   8 | 1335.4 |
        Temple |    157 |    145 |     12 |      0 |    127 |   1 |  157.0 |
               +--------+--------+--------+--------+--------+-----+--------+

Top non-repeatable levels by time:
     D:7: 2003 daAuts
     D:1: 1920 daAuts
     D:3: 1400 daAuts
     D:5: 1244 daAuts
     D:4: 1175 daAuts
     D:2: 1110 daAuts
     D:6: 1096 daAuts
     D:8: 734 daAuts
  Temple: 157 daAuts
